 Dungeon Crawl Stone Soup version 0.25-a0-975-gcae8493d64 (webtiles) character file.

Game seed: 3963037850264477760, levelgen mode: deterministic

179 Flugslaktarn the Skirmisher (level 5, 0/47 HPs)
             Began as a Minotaur Fighter on May 9, 2020.
             Was an Initiate of Gozag.
             Slain by a gnoll
             ... wielding a +0 flail
              (4 damage)
             ... on level 3 of the Dungeon.
             The game lasted 00:01:11 (2719 turns).

Flugslaktarn the Skirmisher (Minotaur Fighter)      Turns: 2719, Time: 00:01:11

Health: 0/47       AC:  7    Str: 22    XL:     5   Next: 33%
Magic:  4/4        EV:  4    Int:  5    God:    Gozag
Gold:   362        SH:  0    Dex:  9    Spells: 4/4 levels left

rFire    . . .     SeeInvis .   a - +0 war axe
rCold    . . .     Gourm    .   c - +0 kite shield
rNeg     . . .     Faith    .   b - +0 scale mail
rPois    .         Spirit   .   (helmet restricted)
rElec    .         Reflect  .   (no cloak)
rCorr    .         Harm     .   (no gloves)
MR       .....                  (no boots)
Stlth    ..........             (no amulet)
HPRegen  0.15/turn              (no ring)
MPRegen  0.09/turn              (no ring)

@: gold aura, held
A: retaliatory headbutt, horns 2
a: Potion Petition, Call Merchant, Bribe Branch, Renounce Religion


You were on level 3 of the Dungeon.
You worshipped Gozag.
Gozag was aware of your devotion.
You were hungry.

You visited 1 branch of the dungeon, and saw 3 of its levels.

You collected 393 gold pieces.
You paid 31 gold pieces to Gozag.

Inventory:

Hand Weapons
 a - a +0 war axe (weapon)
Armour
 b - a +0 scale mail (worn)
 c - a +0 kite shield (worn)
Jewellery
 o - an uncursed ring of wizardry {unknown}
   (You found it on level 2 of the Dungeon)
 q - a cursed ring of teleportation {unknown}
   (You found it on level 3 of the Dungeon)
 u - an uncursed amulet of the gourmand {unknown}
   (You found it on level 3 of the Dungeon)
Wands
 v - a wand of digging (8)
   (You found it on level 2 of the Dungeon)
Scrolls
 g - a scroll of random uselessness {unknown}
 i - a scroll of magic mapping {unknown}
 j - 3 scrolls of remove curse {unknown}
 k - 2 scrolls of teleportation {unknown}
 m - a scroll of amnesia {unknown}
 n - a scroll of identify {unknown}
 p - a scroll of fear {unknown}
 s - a scroll of immolation {unknown}
Potions
 d - a potion of might
 f - 2 potions of curing {unknown}
 h - 2 potions of lignification
 l - a potion of flight {unknown}
 r - a potion of resistance {unknown}
 t - a potion of heal wounds {unknown}
Comestibles
 e - 3 rations


   Skills:
 + Level 4.7 Fighting
 * Level 4.5 Axes
 + Level 4.6 Armour
 + Level 4.5 Shields


You had 4 spell levels left.
You didn't know any spells.
Your spell library was empty.

Dungeon Overview and Level Annotations

Branches:
Dungeon (3/15)

Altars:
Gozag
Vehumet
Yredelemnul


Innate Abilities, Weirdness & Mutations

You reflexively headbutt those who attack you in melee.
You have a pair of horns on your head.


Message History

Your shield prevents you from hitting the gnoll.
You block the gnoll's attack. The gnoll barely misses you.
The ogre hits you with a +0 giant spiked club!!
Ouch! That really hurt!
* * * LOW HITPOINT WARNING * * *
You are too injured to fight recklessly!
You are too injured to fight recklessly!
You are too injured to fight recklessly!
You are too injured to fight recklessly!
The gnoll becomes distracted by the nearby gold, dreaming of imaginary riches.
The gnoll throws a throwing net.
The throwing net hits you.
You become entangled in the net!
You see here a throwing net.
You struggle against the net.
The gnoll barely misses you. The ogre barely misses you.
You struggle against the net.
The gnoll is no longer distracted by gold.
The gnoll hits you with a +0 flail.
You die...
Your body crumbles into a pile of gold.

≈≈≈≈≈≈≈≈≈≈≈≈≈≈....≈≈≈≈≈≈≈≈≈
##≈≈≈≈≈≈≈≈≈≈≈≈....≈≈≈≈≈≈≈≈≈
#.........................
#############''''#########
#....# #....# #....# ###
#.$..# # $ .....#gg@.#....
....gggOg.'..8# $
.....'g...'..8#
.....#8..8#.....
################ $


You could see an ogre, a gnoll shaman and 6 gnolls.

Vanquished Creatures
  A worker ant (D:2)
  Robin (D:3)
  3 adders
  3 gnolls (D:3)
  3 dart slugs
  3 leopard geckos
  3 orcs (D:3)
  2 giant cockroaches
  13 goblins
  11 hobgoblins
  8 jackals (D:3)
  2 ball pythons
  10 bats
  A frilled lizard (D:1)
  6 kobolds
  7 rats
77 creatures vanquished.

Notes
Turn   | Place    | Note
-------+----------+-------------------------------------------
     0 | D:1      | Flugslaktarn the Minotaur Fighter began the quest for the
                  | Orb.
     0 | D:1      | Reached XP level 1. HP: 19/19 MP: 0/0
   129 | D:1      | You fall into a shaft and drop 1 floor!
   142 | D:2      | Reached XP level 2. HP: 12/27 MP: 1/1
   675 | D:1      | Reached XP level 3. HP: 33/33 MP: 2/2
  1240 | D:2      | Found a basalt altar of Yredelemnul.
  1240 | D:2      | Found an opulent altar of Gozag.
  1241 | D:2      | Found a radiant altar of Vehumet.
  1254 | D:2      | Became a worshipper of Gozag Ym Sagoz the Greedy
  1700 | D:2      | Reached XP level 4. HP: 34/40 MP: 3/3
  2293 | D:3      | Noticed Robin
  2298 | D:3      | Reached XP level 5. HP: 47/47 MP: 4/4
  2302 | D:3      | Killed Robin
  2712 | D:3      | Noticed an ogre
  2719 | D:3      | Slain by a gnoll

Illustrated notes

Levels and vault maps discovered:
D:1:      nicolae_arrival_memento_mori, layout_rooms, minmay_split_cup_small
D:2:      layout_loops_corners, gammafunk_temple_overflow_claw
D:3:      lemuel_castle_with_subvaults [lemuel_castle_interior_carwin_2],
          layout_basic, uniq_robin

Skill      XL: |  1  2  3  4 |
---------------+-------------+-----
Axes           | 3 4 |  4.5
Armour         | 4 |  4.6
Fighting       | 4 |  4.7
Shields        | 4 |  4.5

Action                   |  1- 3 |  4- 6 || total
-------------------------+-------+-------++-------
Melee: War axe           |   113 |    72 ||   185
       Headbutt          |    11 |    13 ||    24
  Use: Potion            |     1 |       ||     1
  Eat: Chunk             |     2 |       ||     2
       Ration            |       |     1 ||     1
Armor: Scale mail        |    57 |    32 ||    89
Dodge: Dodged            |    30 |    27 ||    57
Block: Kite shield       |    72 |    30 ||   102

Table legend:
 A = Non-vault XP
 B = Vault XP
 C = Vault XP percentage of total XP
 D = Non-vault monster count
 E = Vault monster count
 F = Vault count percentage of total count
                 A         B        C        D         E       F
            +---------+---------+-------+---------+---------+-------
      Total |     169 |      88 |  34.2 |      56 |      21 |  27.3
            +---------+---------+-------+---------+---------+-------
        D:1 |      36 |       5 |  12.2 |      22 |       3 |  12.0
        D:2 |      92 |       0 |   0.0 |      20 |       0 |   0.0
        D:3 |      41 |      83 |  66.9 |      14 |      18 |  56.2
            +---------+---------+-------+---------+---------+-------
